 Dungeon Crawl Stone Soup version 0.31-a0-1074-g0b22e4e0f1 (webtiles) character file.

Game seed: 12089742690904168787

6650 javelincjr the Mimic (level 10, -9/147 HPs)
             Began as a Troll Shapeshifter on Nov 30, 2023.
             Was a Priest of Trog.
             Mangled by a black mamba (12 damage)
             ... on level 9 of the Dungeon on Dec 4, 2023.
             The game lasted 00:28:08 (6415 turns).

javelincjr the Mimic (Troll Shapeshifter)           Turns: 6415, Time: 00:28:08

Health: -9/147     AC: 25    Str: 38    XL:     10   Next: 72%
Magic:  9/9        EV:  1    Int:  5    God:    Trog [***...]
Gold:   350        SH:  0    Dex: 11    Spells: 9/9 levels left

rFire   . .          .
                       - Unarmed
rCold   . . .        (no shield)
rNeg    . . .        F - melded +0 steam dragon scales
rPois   +            K - melded +1 hat {Will+}
rElec   .            i - melded +2 cloak
rCorr   .            (gloves unavailable)
SInv    .            (boots unavailable)
Will    .....        m - amulet of the acrobat
Stlth   +            L - ring "Banet" {Fly Dex+3}
HPRegen 1.24/turn    v - +6 ring of strength
MPRegen 0.11/turn

%: acrobat
@: tree-form, on berserk cooldown, hasted and slowed, studying Shapeshifting
A: stationary, stasis, torment immunity, boosted hp, large, unfitting armour,
(claws 3), regeneration 1, (shaggy fur 1), (tough skin 1), (iridescent scales
1), strong 1, (sturdy frame 1)
a: Renounce Religion, Berserk, Trog's Hand


You were on level 9 of the Dungeon.
You worshipped Trog.
Trog was most pleased with you.
You were a tree.
You visited 2 branches of the dungeon, and saw 10 of its levels.
You also visited: Sewer.

You collected 350 gold pieces.

Inventory:

Hand Weapons
 z - a +1 halberd of flaming
 B - a +1 spear of venom
 H - the +5 rapier "Dragon's Tongue" {drain, rF+ rCorr}
   (You found it on level 7 of the Dungeon)

   rF+:       It protects you from fire.
   rCorr:     It protects you from acid and corrosion.
 I - a +4 dagger
 N - a +1 demon whip of venom
 P - a +0 halberd of protection
 R - the +7 rapier of Fimbulwinter {freeze, Drain Fly Str+10 Int-4}
   (You acquired it on level 9 of the Dungeon)

   Str+10:    It affects your strength (+10).
   Int-4:     It affects your intelligence (-4).
   Fly:       It grants you flight.
   Drain:     It drains your maximum health when unequipped.
Missiles
 h - a throwing net
 C - a curare-tipped dart
 D - 23 poisoned darts
Armour
 a - a +0 animal skin
 i - a +2 cloak (melded)
 F - +0 steam dragon scales (melded)
 J - a scarf of shadows
 K - a +1 hat of willpower (melded)
Jewellery
 m - an amulet of the acrobat (around neck)
 n - a ring of magical power
 v - a +6 ring of strength (right branch)
 L - the ring "Banet" (left branch) {Fly Dex+3}
   (You found it on level 8 of the Dungeon)

   [ring of flight]

   Dex+3:     It affects your dexterity (+3).
   Fly:       It grants you flight.
Talismans
 c - a beast talisman
 d - a flux talisman (active)
Wands
 G - a wand of flame (29)
 M - a wand of charming (22)
Scrolls
 e - 4 scrolls of poison
 j - a scroll of noise {unknown}
 k - 2 scrolls of teleportation {unknown}
 p - 3 scrolls of vulnerability
 q - a scroll of fear
 t - 2 scrolls of blinking {unknown}
 x - 2 scrolls of brand weapon {unknown}
 y - 3 scrolls of enchant weapon
 A - a scroll of amnesia {unknown}
 E - 3 scrolls of immolation
 Q - a scroll of silence {unknown}
Potions
 b - 4 potions of lignification
 f - 3 potions of haste
 l - a potion of invisibility
 o - a potion of magic
 r - 3 potions of enlightenment
 s - 2 potions of mutation
 u - 3 potions of attraction


   Skills:
 + Level 6.1 Fighting
 + Level 6.3 Dodging
 + Level 8.0 Unarmed Combat
 * Level 10.4 Shapeshifting


You had 9 spell levels left.
You didn't know any spells.
Your spell library contained the following spells:

 Spells                   Type           Power      Damage    Failure   Level
 Cigotuvi's Dreadful Rot  Necr/Pois/Air  0%         N/A       63%         2
 Dispel Undead            Necr           0%         3d6       99%         4
 Death Channel            Necr           0%         N/A       100%        6


Dungeon Overview and Level Annotations

Branches:
Dungeon (9/15)             Temple (0/1) D:7            Lair (1/5) D:9
  Sewer (visited)
    Orc: D:9-12

Altars:
Ashenzari
Dithmenos
Hepliaklqana
Makhleb
Okawaru
Ru
Sif Muna
Trog
Vehumet
Xom
Zin

Annotations:
D:3 1 runed translucent door, grandjackal's ghost, amateur DrGl
Lair:1 Erica; Urug


Innate Abilities, Weirdness & Mutations

You are a tree.
Your roots penetrate the ground, keeping you stationary.
You cannot be teleported.
You are immune to unholy pain and torment.
Your maximum health is greatly increased.
Your equipment is partially melded.
You are too large for most types of armour.
((You have claws for hands.))
Your natural rate of healing is unusually fast.
((You are covered in fur. (AC +1)))
((You have tough skin. (AC +1)))
((You are partially covered in iridescent scales. (AC +2)))
Your muscles are strong. (Str +4, Int/Dex -1)
((Your movements are slightly less encumbered by armour. (ER -2)))


Message History

You are more poisoned.
The black mamba poisons you!
The black mamba bites you but does no damage.
You hit the black mamba.
The black mamba is lightly wounded.
You feel extremely sick.
The black mamba bites you but does no damage. x2
The black mamba bites you!
* * * LOW HITPOINT WARNING * * *
You closely miss the black mamba.
The black mamba is lightly wounded.
You feel very sick. The black mamba bites you.
* * * LOW HITPOINT WARNING * * *
The black mamba bites you but does no damage.
You feel better.
The black mamba bites you but does no damage.
The black mamba bites you!
* * * LOW HITPOINT WARNING * * *
You are confused.
You feel invigorated. The black mamba bites you!
* * * LOW HITPOINT WARNING * * *
The black mamba bites you but does no damage.
The black mamba bites you.
* * * LOW HITPOINT WARNING * * *
Okay, then.
You cannot move. (Use ctrl+direction or * direction to attack while stationary and confused.)
You cannot move. (Use ctrl+direction or * direction to attack while stationary and confused.)
You cannot move. (Use ctrl+direction or * direction to attack while stationary and confused.)
You cannot move. (Use ctrl+direction or * direction to attack while stationary and confused.)
You cannot move. (Use ctrl+direction or * direction to attack while stationary and confused.)
You cannot move. (Use ctrl+direction or * direction to attack while stationary and confused.)
You feel yourself speed up.
You feel less invigorated.
You feel less confused. The black mamba bites you!
* * * LOW HITPOINT WARNING * * *
The black mamba bites you.
* * * LOW HITPOINT WARNING * * *
The black mamba bites you!
You die...

.##.## ##.#
.....####..#######
......#.#........#
#...........####.###
#.........####.....###
...#.....###.........##
...##.#..##........P..##
....#.#........S.......##
................♣.......#
.....#......P......P....#
....##....#..P........#.#
....##...###.........##.#
...#......####.....####.#
#..#..#####.......###...#
##....## ##........#.###
##.....#####..........#
..........#..........####


You could see a black mamba.

Vanquished Creatures
  A two-headed ogre (D:8)
  Amaemon (D:8)
  Maurice (D:8)
  An orange demon (D:8)
  A komodo dragon (Lair:1)
  Maggie (D:6)
  Grinder (D:4)
  A yak (D:9)
  A basilisk (D:9)
  2 wyverns (D:9)
  A water moccasin (D:4)
  Duvessa (D:7)
  An orc warrior (D:6)
  2 black bears
  3 centaurs
  A phantom (D:4)
  4 kobold brigands (Sewer)
  3 bullfrogs
  2 gnoll sergeants
  2 scorpions
  Dowan (D:7)
  4 killer bees (D:8)
  4 hounds
  8 orc priests
  3 gnoll boudas
  3 sleepcaps
  5 orc wizards
  Terence (D:3)
  27 gnolls
  19 adders
  A river rat (Sewer)
  A worm (Sewer)
  2 dart slugs (D:1)
  14 orcs
  6 ball pythons
  9 endoplasms
  2 giant cockroaches
  6 goblins
  9 hobgoblins
  5 jackals
  14 kobolds
  5 quokkas
  4 bats
  7 frilled lizards
  7 rats
198 creatures vanquished.

Vanquished Creatures (collateral kills)
  4 yaks (Lair:1)
4 creatures vanquished.

Vanquished Creatures (others)
  A water moccasin (Lair:1)
1 creature vanquished.

Grand Total: 203 creatures vanquished

Notes
Turn   | Place    | Note
-------+----------+-------------------------------------------
     0 | D:1      | javelincjr the Troll Shapeshifter began the quest for the
                  | Orb.
     0 | D:1      | Reached XP level 1. HP: 18/18 MP: 0/0
    52 | D:1      | Reached skill level 1 in Fighting
    72 | D:1      | Reached XP level 2. HP: 23/27 MP: 1/1
   549 | D:2      | Reached XP level 3. HP: 33/33 MP: 2/2
   752 | D:2      | Found a shimmering altar of Xom.
  1241 | D:3      | Reached XP level 4. HP: 41/41 MP: 3/3
  1295 | D:3      | Noticed Terence
  1312 | D:3      | Killed Terence
  1313 | D:3      | Reached skill level 4 in Shapeshifting
  1438 | D:3      | Found a bloodstained altar of Trog.
  1444 | D:3      | Became a worshipper of Trog the Wrathful
  1524 | D:3      | Found a runed translucent door.
  1533 | D:3      | Noticed a scorpion
  1533 | D:3      | Noticed grandjackal's ghost (amateur DrGl)
  1631 | D:3      | Found a sacrificial altar of Ru.
  1720 | D:4      | Reached XP level 5. HP: 49/49 MP: 4/4
  1805 | D:4      | Noticed a water moccasin
  1810 | D:4      | Killed a water moccasin
  1811 | D:4      | Reached XP level 6. HP: 47/57 MP: 5/5
  1862 | D:4      | Found a glowing silver altar of Zin.
  1862 | D:4      | Found a burning altar of Makhleb.
  1863 | D:4      | Noticed a balrug
  1863 | D:4      | Noticed an angel
  2020 | D:4      | Noticed Grinder
  2033 | D:4      | Killed Grinder
  2034 | D:4      | Reached skill level 5 in Shapeshifting
  2034 | D:4      | Reached XP level 7. HP: 26/66 MP: 6/6
  2145 | D:4      | Reached * piety under Trog
  2351 | D:5      | Entered Level 5 of the Dungeon
  2678 | D:5      | Reached skill level 6 in Shapeshifting
  2863 | D:5      | Found a glowing drain.
  2867 | Sewer    | Entered a sewer
  2964 | Sewer    | Reached ** piety under Trog
  2965 | Sewer    | Reached skill level 5 in Unarmed Combat
  2965 | Sewer    | Reached XP level 8. HP: 68/75 MP: 7/7
  3210 | Sewer    | Gained mutation: Your muscles are strong. (Str +4, Int/Dex
                  | -1) [potion of mutation]
  3210 | Sewer    | Gained mutation: You are partially covered in iridescent
                  | scales. (AC +2) [potion of mutation]
  3210 | Sewer    | Gained mutation: Your movements are slightly less
                  | encumbered by armour. (ER -2) [potion of mutation]
  3655 | D:6      | Noticed Maggie
  3662 | D:6      | Killed Maggie
  3663 | D:6      | Reached skill level 7 in Shapeshifting
  3818 | D:6      | Reached XP level 9. HP: 34/84 MP: 8/8
  4198 | D:7      | Found a hazy altar of Hepliaklqana.
  4261 | D:7      | Noticed Dowan
  4266 | D:7      | Noticed Duvessa
  4279 | D:7      | Killed Duvessa
  4285 | D:7      | Killed Dowan
  4288 | D:7      | Identified the +5 rapier "Dragon's Tongue" {drain, rF+
                  | rCorr}
  4371 | D:7      | Found a staircase to the Ecumenical Temple.
  4496 | D:7      | Reached skill level 8 in Shapeshifting
  4532 | D:7      | Found an iron altar of Okawaru.
  4778 | D:8      | Reached skill level 5 in Dodging
  4789 | D:8      | Found a transporter.
  4794 | D:8      | Found a transporter.
  4884 | D:8      | Noticed a two-headed ogre
  4886 | D:8      | Identified the ring "Banet" {Fly Dex+3}
  4890 | D:8      | Killed a two-headed ogre
  4891 | D:8      | Reached skill level 5 in Fighting
  4917 | D:8      | Found a transporter.
  4921 | D:8      | Found a transporter.
  4994 | D:8      | Found a transporter.
  4995 | D:8      | Found a transporter.
  5072 | D:8      | Noticed Amaemon
  5073 | D:8      | Noticed an orange demon
  5092 | D:8      | Killed Amaemon
  5092 | D:8      | Reached *** piety under Trog
  5102 | D:8      | Killed an orange demon
  5103 | D:8      | Reached skill level 9 in Shapeshifting
  5103 | D:8      | Reached XP level 10. HP: 21/96 MP: 9/9
  5243 | D:8      | Found a broken altar of Ashenzari.
  5246 | D:8      | Saw a vision of the Shoals and the Snake Pit.
  5246 | D:8      | Noticed an anaconda
  5246 | D:8      | Noticed a mana viper
  5246 | D:8      | Noticed an anaconda
  5246 | D:8      | Noticed a kraken
  5246 | D:8      | Noticed a black mamba
  5246 | D:8      | Noticed a naga ritualist
  5246 | D:8      | Noticed a harpy
  5246 | D:8      | Noticed a sea snake
  5246 | D:8      | Noticed a naga ritualist
  5246 | D:8      | Noticed a merfolk siren
  5247 | D:8      | Noticed a sea snake
  5247 | D:8      | Noticed a black mamba
  5247 | D:8      | Noticed a manticore
  5471 | D:8      | Found a shadowy altar of Dithmenos.
  5586 | D:8      | Noticed Maurice
  5588 | D:8      | Something stole a +4 dagger
  5589 | D:8      | Maurice stole a flux talisman
  5591 | D:8      | Killed Maurice
  6078 | D:9      | Found a staircase to the Lair.
  6171 | D:9      | Found a shimmering blue altar of Sif Muna.
  6201 | D:9      | Found a radiant altar of Vehumet.
  6345 | D:9      | Identified 3 scrolls of acquirement
  6346 | D:9      | Acquired the +7 rapier of Fimbulwinter {freeze, Drain Fly
                  | Str+10 Int-4}
  6347 | D:9      | Acquired a manual of Shapeshifting
  6349 | D:9      | Acquired a +1 hat of willpower
  6381 | Lair:1   | Entered Level 1 of the Lair of Beasts
  6381 | Lair:1   | Noticed Urug
  6381 | Lair:1   | Noticed Erica
  6381 | Lair:1   | Noticed a black mamba
  6397 | Lair:1   | HP: 3/147 [komodo dragon (13)]
  6399 | Lair:1   | Reached skill level 10 in Shapeshifting
  6412 | D:9      | HP: 7/147 [black mamba (6)]
  6414 | D:9      | HP: 2/147 [black mamba (5)]
  6415 | D:9      | Mangled by a black mamba

Illustrated notes

Levels and vault maps discovered:
D:1:      grunt_arrival_lava_bath, layout_rooms, corexii_corridor_pit
D:2:      layout_loops_ring, basic_altar, minmay_surrounded
D:3:      layout_basic, lemuel_doored_altar, mainiacjoe_overflow_24_doors,
          ebering_ghost_inner_flame, uniq_terence
D:4:      layout_basic, grunt_temple_overflow_order_and_chaos_2, uniq_grinder
D:5:      layout_gridville, mainiacjoe_sewer_entry_somewhere_in_here_2
D:6:      minmay_general_purpose_star, layout_rooms,
          serial_library_hellmonk_big_corner, uniq_maggie
D:7:      layout_rooms, mainiacjoe_overflow_cross_hatched,
          general_overflow_altar, minmay_temple_entry_mist, uniq_duvessa
D:8:      layout_cave_pods, grunt_dithmenos_smoke_and_mirrors,
          grunt_ashenzari_visionary [grunt_ashenzari_visionary_shoals,
          grunt_ashenzari_visionary_snake], serial_nicolae_subway,
          nicolae_sub_station_crystal, nicolae_sub_station_metal,
          nicolae_sub_station_stone, uniq_amaemon, uniq_maurice
D:9:      layout_cave_pools, mainiacjoe_overflow_two_lobes, david_lair_generic
Lair:1:   layout_big_grid, uniq_urug, uniq_erica

Skill      XL: |  1  2  3  4  5  6  7  8  9 10 |
---------------+-------------------------------+-----
Fighting       | 1 2 3 4 5 6 |  6.1
Dodging        | 2 3 4 5 6 |  6.3
Shapeshifting  | 4 5 6 7 9 10 | 10.4
Unarmed Combat | 4 5 6 7 8 |  8.0

Action                     |  1- 3 |  4- 6 |  7- 9 | 10-12 || total
---------------------------+-------+-------+-------+-------++-------
  Melee: Unarmed           |    89 |    82 |   284 |    91 ||   546
         Punch             |     1 |     1 |     6 |       ||     8
 Invoke: Berserk           |       |       |     3 |     3 ||     6
         Trog's Hand       |       |       |     1 |     1 ||     2
  Evoke: Wand              |       |       |       |     3 ||     3
    Use: Potion            |       |       |     7 |     7 ||    14
         Scroll            |       |       |     4 |    11 ||    15
   Stab: Invisible         |       |       |     1 |       ||     1
 Armour: Animal skin       |    41 |    44 |    52 |       ||   137
         Steam dragon scal |       |       |   131 |    92 ||   223
         Skin              |       |       |       |    16 ||    16
  Dodge: Dodged            |    39 |    51 |   151 |    82 ||   323
   Form: Flux              |       |       |     1 |       ||     1

Table legend: (Time is in decaauts)
 A = Elapsed time spent in this place.
 B = Non-inter-level travel time spent in this place.
 C = Inter-level travel time spent in this place.
 D = Time resting spent in this place.
 E = Time spent auto-exploring this place.
 F = Levels seen in this place.
 G = Mean time per level.
                   A        B        C        D        E       F      G
               +--------+--------+--------+--------+--------+-----+--------+
         Total |   6422 |   6156 |    266 |      0 |   4720 |  11 |  583.8 |
       Dungeon |   5972 |   5707 |    265 |      0 |   4521 |   9 |  663.6 |
          Lair |     21 |     21 |      0 |      0 |      0 |   1 |   21.0 |
         Sewer |    428 |    428 |      0 |      0 |    199 |   1 |  428.0 |
               +--------+--------+--------+--------+--------+-----+--------+

Top non-repeatable levels by time:
     D:8: 1089 daAuts
     D:5: 802 daAuts
     D:2: 659 daAuts
     D:4: 629 daAuts
     D:6: 622 daAuts
     D:9: 574 daAuts
     D:7: 546 daAuts
     D:3: 533 daAuts
     D:1: 514 daAuts
   Sewer: 428 daAuts
  Lair:1: 21 daAuts
